 Dungeon Crawl Stone Soup version 0.24-a0-333-g864f2b5 (console) character file.

Game seed: 7337858028533213862

23398 Voker57 the Fighter (level 12, -3/90 HPs)
             Began as a Demonspawn Monk on Apr 30, 2019.
             Was an Elder of Hepliaklqana.
             Slain by a lindwurm (6 damage)
             ... summoned by Kirke
             ... on level 4 of the Lair of Beasts on May 17, 2019.
             The game lasted 00:26:25 (16442 turns).

Voker57 the Fighter (Demonspawn Monk)              Turns: 16442, Time: 00:26:25

Health: -3/90      AC:  6    Str: 16    XL:     12   Next: 71%
Magic:  0/19       EV: 22    Int: 17    God:    Hepliaklqana [****..]
Gold:   532        SH:  0    Dex: 22    Spells: 0/18 levels left

rFire    . . .     SeeInvis .   J - +6 eveningstar
rCold    + . .     Gourm    .   (no shield)
rNeg     . . .     Faith    +   o - +0 leather armour {rC+}
rPois    .         Spirit   +   K - +0 hat {Int+3}
rElec    .         Reflect  .   (no cloak)
rCorr    .         Harm     .   i - +1 pair of gloves {Dex+3}
MR       .....                  (no boots)
Stlth    ++........             N - amulet of faith
HPRegen  0.25/turn              (no ring)
MPRegen  0.32/turn              (no ring)

@: mighty, very slightly contaminated, slowed, very slow
A: reduced essence, antennae 2, powered by pain 1, magic shield, magic
regeneration, sturdy frame 2
a: Recall Ancestor, Ancestor Identity, Transference, Idealise, Renounce Religion


You were on level 4 of the Lair of Beasts.
You worshipped Hepliaklqana.
Hepliaklqana was greatly pleased with you.
You were very hungry.

You visited 2 branches of the dungeon, and saw 14 of its levels.
You also visited: Bailey.

You collected 662 gold pieces.
You spent 130 gold pieces at shops.

Inventory:

Hand Weapons
 e - a +3 dagger of venom
 t - a +2 long sword of protection
 J - a +6 eveningstar (weapon)
Armour
 i - a +1 pair of gloves of dexterity (worn)
 o - a +0 leather armour of cold resistance (worn)
 D - a +2 chain mail of magic resistance
 H - a +2 robe of cold resistance
 K - a +0 hat of intelligence (worn)
Jewellery
 d - an uncursed ring of ice
 q - a cursed ring of teleportation
 y - an uncursed amulet of regeneration
 N - an amulet of faith (around neck)
Wands
 p - a wand of digging (2)
 s - a wand of polymorph (6)
 v - a wand of random effects (39)
 x - a wand of scattershot (5)
 z - a wand of flame (19)
Scrolls
 a - 2 scrolls of silence
 b - a scroll of enchant armour
 h - 5 scrolls of remove curse
 k - 4 scrolls of enchant weapon
 F - a scroll of fear
 G - 2 scrolls of teleportation
 I - 2 scrolls of amnesia
Potions
 f - 2 potions of curing
 g - 3 potions of brilliance
 j - 2 potions of cancellation {unknown}
 l - 3 potions of flight {unknown}
 m - 4 potions of agility
 n - 4 potions of heal wounds
 r - 3 potions of magic {unknown}
 u - a potion of might {unknown}
 w - 4 potions of mutation {unknown}
 A - 2 potions of ambrosia {unknown}
 B - a potion of lignification {unknown}
 C - 2 potions of berserk rage
 M - a potion of haste
Miscellaneous
 E - a lightning rod (3/4)
Comestibles
 c - 25 rations


   Skills:
 + Level 11.3 Fighting
 - Level 0.2(1.6) Short Blades
 - Level 2.7 Long Blades
 + Level 4.3 Maces & Flails
 + Level 9.7 Armour
 + Level 10.5 Dodging
 - Level 1.7 Stealth
 - Level 3.8 Spellcasting
 + Level 1.8 Charms
 + Level 2.0 Translocations
 - Level 9.4 Invocations
 + Level 2.0 Evocations


You couldn't memorise any spells.
You knew the following spells:

 Your Spells              Type           Power        Failure   Level  Hunger
a - Infusion              Chrm           #...         8%          1    None
b - Shroud of Golubria    Chrm/Tloc      #.........   11%         2    ##.....
c - Song of Slaying       Chrm           #.......     12%         2    ##.....
d - Mephitic Cloud        Conj/Pois/Air  #.......     43%         3    ###....
e - Summon Small Mammal   Summ           #...         16%         1    None
f - Regeneration          Chrm/Necr      #.........   32%         3    ###....
g - Ozocubu's Armour      Chrm/Ice       #.......     32%         3    ###....
h - Conjure Flame         Conj/Fire      #.......     43%         3    ###....

Your spell library contained the following spells:

 Spells                   Type           Power        Failure   Level  Hunger
 Apportation              Tloc           ##....       7%          1    None
 Blink                    Tloc           N/A          11%         2    ##.....
 Animate Skeleton         Necr           N/A          16%         1    None
 Beastly Appendage        Tmut           #.....       16%         1    None
 Confusing Touch          Hex            #.....       16%         1    None
 Corona                   Hex            #......      16%         1    None
 Magic Dart               Conj           #...         16%         1    None
 Sting                    Conj/Pois      #...         16%         1    None
 Call Imp                 Summ           #.......     24%         2    ##.....
 Poisonous Vapours        Pois/Air       #.....       24%         2    ##.....
 Slow                     Hex            #.......     24%         2    ##.....
 Sticks to Snakes         Tmut           #.......     24%         2    ##.....
 Portal Projectile        Hex/Tloc       #.....       32%         3    ###....
 Spectral Weapon          Hex/Chrm       #.......     32%         3    ###....
 Call Canine Familiar     Summ           #.......     43%         3    ###....
 Inner Flame              Hex/Fire       #.......     43%         3    ###....
 Spider Form              Tmut/Pois      #.........   43%         3    ###....
 Summon Guardian Golem    Hex/Summ       #.......     43%         3    ###....
 Cause Fear               Hex            #.........   85%         4    ####...
 Ice Form                 Ice/Tmut       #.......     85%         4    ####...
 Leda's Liquefaction      Hex/Erth       #.........   85%         4    ####...
 Summon Ice Beast         Ice/Summ       #.......     85%         4    ####...
 Summon Lightning Spire   Summ/Air       #.......     85%         4    ####...
 Blade Hands              Tmut           #.........   99%         5    ######.
 Metabolic Englaciation   Hex/Ice        #.........   99%         5    ######.
 Silence                  Hex/Air        #.........   99%         5    ######.
 Conjure Ball Lightning   Conj/Air       #.........   100%        6    #######
 Deflect Missiles         Chrm/Air       #.........   100%        6    #######
 Tornado                  Air            #.........   100%        9    #######


Dungeon Overview and Level Annotations

Branches:
Dungeon (10/15)            Temple (0/1) D:6            Lair (4/6) D:10
  Swamp (0/4) Lair:2       Spider (0/4) Lair:3
    Orc: D:9-12

Altars:
Cheibriados
Dithmenos
Elyvilon
Gozag
Hepliaklqana
Qazlal
Ru
Trog
Uskayaw
Xom
Yredelemnul
The Shining One

Shops:
D:9 !

Annotations:
D:7 3 runed translucent doors, suvakkihuora's ghost, novice HOSu
Lair:4 Kirke


Innate Abilities, Weirdness & Mutations

You have a pair of antennae on your head.
You sometimes gain a little power by taking damage.
When hurt, damage is shared between your health and your magic reserves.
You regenerate magic rapidly.
Your movements are less encumbered by armour. (ER -4)
Your life essence is reduced to manifest your ancestor. (-10% HP)


Message History

Manelesi is destroyed!
Kirke shouts!
Evoke which item? (* to show all) (? for menu, Esc to quit)
Okay, then.
Unknown command.
Evoke which item? (* to show all) (? for menu, Esc to quit)
Aiming: Thunderbolt
Press: ? - help, Shift-Dir - straight line, f - Kirke
Aim: Kirke (almost dead)
The thunderbolt hits the lindwurm!
The lindwurm is moderately wounded.
The thunderbolt hits Kirke.
Kirke is almost dead.
The lindwurm bites you!
* * * LOW HITPOINT WARNING * * *
The lindwurm claws you but does no damage.
The lindwurm claws you.
* * * LOW HITPOINT WARNING * * *
The lindwurm barely misses you. The lindwurm claws you.
You die...

♣...#.####..###+.#
♣..........#....##
♣................##
♣♣♣ ♣.........#8.>.8.#
..P♣♣♣.........#.....#
♣...♣..........#.8.#
#.............#
♣#............# #
##.....>.....####..##
#...###P.#.@k........
#..## #..###k.##..P##
##..# ######.## ##
.P.##.#†# #.@.#
.......<## ##..#
...####..# #..## .#
##.## ##H†## #..#
#÷#(.# ##.##
#####..P##.##
###.#..###............


You could see Kirke and 2 lindwurms.

Vanquished Creatures
  Gastronok (D:10)
  2 hydras
  A two-headed ogre (D:10)
  A death yak (D:9)
  A deep elf archer (Bailey)
  7 deep elf magi (Bailey)
  A spiny frog (Lair:3)
  3 blink frogs (Lair:2)
  2 hippogriffs
  4 yaks
  Grum (D:10)
  2 water moccasins (Lair:1)
  3 porcupines
  An ice beast (D:8)
  An orc warrior (D:6)
  A phantom (D:8)
  A sky beast (D:8)
  3 wolves
  A centaur (D:5)
  2 crocodiles
  Blork the orc (D:5)
  8 bullfrogs
  4 scorpions
  A killer bee (D:6)
  2 wights (D:7)
  A crimson imp (D:7)
  A bullfrog zombie (D:7)
  3 hounds
  An orc priest (D:3)
  A jelly (D:8)
  2 bullfrog skeletons
  A centaur skeleton (D:5)
  3 orc wizards
  7 worker ants
  Terence (D:1)
  4 adders
  A gnoll (D:6)
  A shadow imp (D:6)
  6 oozes
  An adder zombie (D:7)
  2 adder skeletons
  4 worms
  A dart slug (D:2)
  2 leopard geckos
  17 orcs
  2 ball pythons
  5 giant cockroaches
  11 goblins
  10 hobgoblins
  2 jackals (D:1)
  9 quokkas
  7 bats
  2 frilled lizards
  14 kobolds
  8 rats
  A butterfly (D:7)
186 creatures vanquished.

Vanquished Creatures (collateral kills)
  Fannar (D:10)
  A hydra (Lair:3)
  A catoblepas (Lair:2)
  3 death yaks
  Urug (D:10)
  A deep elf mage (Bailey)
  A torpor snail (Lair:3)
  A gargoyle (D:10)
  A black mamba (Lair:3)
  3 spiny frogs
  A polar bear (Lair:2)
  Grinder (D:2)
  A blink frog (Lair:2)
  Sigmund (D:4)
  A wyvern (Lair:4)
  3 yaks
  3 hogs (Lair:4)
  2 hungry ghosts
  2 water moccasins
  A porcupine (Lair:1)
  2 orc warriors
  2 ice beasts (D:8)
  An ogre (D:7)
  A centaur (D:9)
  2 wolves
  A crocodile (Lair:3)
  6 bullfrogs
  A big kobold (D:8)
  A scorpion (D:9)
  4 killer bees (D:6)
  A wight (D:7)
  2 howler monkeys
  2 electric eels
  3 crimson imps
  3 jellies (D:8)
  A centaur skeleton (D:8)
  An orc priest (D:8)
  A bullfrog skeleton (D:10)
  2 hounds
  An iguana (D:6)
  An orc wizard (D:8)
  A worker ant (D:5)
  A hound zombie (D:7)
  3 hound skeletons
  2 gnolls (D:6)
  6 adders
  A howler monkey skeleton (D:4)
  2 shadow imps
  2 oozes (D:8)
  An adder zombie (D:7)
  An adder skeleton (D:4)
  A worm (D:2)
  2 leopard geckos
  14 orcs
  A ball python (D:4)
  A giant cockroach (D:2)
  A hobgoblin (D:3)
  2 kobolds
  A quokka (D:7)
  A butterfly (D:7)
  A plant (Lair:1)
114 creatures vanquished.

Vanquished Creatures (others)
  10 battlemagi
  A fungus (Lair:4)
11 creatures vanquished.

Grand Total: 311 creatures vanquished

Notes
Turn   | Place    | Note
-------+----------+-------------------------------------------
     0 | D:1      | Voker57 the Demonspawn Monk began the quest for the Orb.
     0 | D:1      | Reached XP level 1. HP: 18/18 MP: 1/1
     0 | D:1      | Upgraded the game from 0.24-a0-278-gefa1973 to
                  | 0.24-a0-333-g864f2b5
    74 | D:1      | Gained mutation: When hurt, damage is shared between your
                  | health and your magic reserves. [demonic ancestry]
    74 | D:1      | Reached XP level 2. HP: 18/24 MP: 2/2
   648 | D:1      | Gained mutation: You have a pair of small antennae on your
                  | head. [demonic ancestry]
   648 | D:1      | Reached XP level 3. HP: 21/30 MP: 1/3
  1057 | D:2      | Noticed Terence
  1251 | D:1      | Killed Terence
  1251 | D:1      | Reached skill level 4 in Fighting
  1470 | D:2      | Gained mutation: Your movements are slightly less
                  | encumbered by armour. (ER -2) [demonic ancestry]
  1470 | D:2      | Reached XP level 4. HP: 37/37 MP: 4/4
  1548 | D:2      | Found a hazy altar of Hepliaklqana.
  1559 | D:2      | Became a worshipper of Hepliaklqana the Forgotten
  1559 | D:2      | Reached * piety under Hepliaklqana
  1559 | D:2      | Reached ** piety under Hepliaklqana
  1560 | D:2      | Remembered your ancestor Manelesi as a battlemage
  1742 | D:2      | Found a stormy altar of Qazlal.
  1871 | D:3      | Noticed Grinder
  1884 | D:2      | Killed Grinder
  1884 | D:2      | Reached skill level 5 in Fighting
  1884 | D:2      | Reached XP level 5. HP: 6/39 MP: 1/5
  1884 | D:2      | Gained mutation: You regenerate magic rapidly. [demonic
                  | ancestry]
  1884 | D:2      | Reached XP level 6. HP: 7/45 MP: 1/6
  3062 | D:4      | Noticed Sigmund
  3074 | D:4      | Killed Sigmund
  3074 | D:4      | Reached skill level 5 in Dodging
  3074 | D:4      | Gained mutation: You sometimes gain a little power by
                  | taking damage. [demonic ancestry]
  3074 | D:4      | Reached XP level 7. HP: 51/51 MP: 7/7
  3266 | D:4      | Found a glowing golden altar of the Shining One.
  3305 | D:4      | Found a shadowy altar of Dithmenos.
  3470 | D:5      | Entered Level 5 of the Dungeon
  3507 | D:5      | Reached *** piety under Hepliaklqana
  3706 | D:5      | Noticed Blork the orc
  3720 | D:5      | Killed Blork the orc
  3720 | D:5      | Reached skill level 1 in Invocations
  3825 | D:5      | Reached skill level 6 in Fighting
  4349 | D:6      | Reached XP level 8. HP: 27/57 MP: 3/10
  4431 | D:6      | Found a staircase to the Ecumenical Temple.
  5247 | D:6      | Reached skill level 7 in Fighting
  5355 | D:6      | Reached skill level 5 in Invocations
  5425 | D:7      | Found a shimmering altar of Xom.
  5445 | D:7      | Reached skill level 5 in Armour
  5464 | D:7      | Reached XP level 9. HP: 38/64 MP: 11/13
  5521 | D:7      | Found a runed translucent gate.
  5522 | D:7      | Found a runed translucent gate.
  5523 | D:7      | Found a runed translucent gate.
  5524 | D:7      | Found an opulent altar of Gozag.
  5525 | D:7      | Noticed suvakkihuora's ghost (novice HOSu)
  5744 | D:7      | Found a flagged portal.
  5755 | Bailey   | Entered a bailey
  5762 | Bailey   | Noticed a deep elf mage
  5770 | Bailey   | Killed a deep elf mage
  5799 | Bailey   | Noticed a deep elf mage
  5800 | Bailey   | Noticed a deep elf mage
  5800 | Bailey   | Noticed a deep elf mage
  5800 | Bailey   | Noticed a deep elf mage
  5801 | Bailey   | Noticed a deep elf mage
  5801 | Bailey   | Noticed a deep elf mage
  5810 | Bailey   | Killed a deep elf mage
  5818 | Bailey   | Killed a deep elf mage
  5818 | Bailey   | Reached skill level 8 in Fighting
  5824 | Bailey   | Killed a deep elf mage
  5824 | Bailey   | Gained mutation: Your movements are less encumbered by
                  | armour. (ER -4) [demonic ancestry]
  5824 | Bailey   | Reached XP level 10. HP: 67/73 MP: 12/15
  5833 | Bailey   | Killed a deep elf mage
  5843 | Bailey   | Killed a deep elf mage
  5851 | Bailey   | Killed a deep elf mage
  6041 | Bailey   | Noticed a deep elf archer
  6058 | Bailey   | Killed a deep elf archer
  6354 | Bailey   | Noticed a deep elf mage
  6364 | Bailey   | Killed a deep elf mage
  6364 | Bailey   | Reached skill level 9 in Fighting
  6751 | D:7      | Found an opulent altar of Gozag.
  6868 | D:7      | Found a bloodstained altar of Trog.
  7566 | D:8      | Identified Remein's Grimoire of Cold and Toxins
  7619 | D:8      | Reached **** piety under Hepliaklqana
  7822 | D:8      | Found a sacrificial altar of Ru.
  7899 | D:8      | Found a hide-covered altar of Uskayaw.
  7899 | D:8      | Found a basalt altar of Yredelemnul.
  8625 | D:9      | Reached skill level 1 in Spellcasting
  9034 | D:9      | Found a snail-covered altar of Cheibriados.
  9170 | D:9      | Found Jolapn's Distillery.
  9266 | D:10     | Entered Level 10 of the Dungeon
  9274 | D:10     | Reached XP level 11. HP: 74/80 MP: 16/18
  9279 | D:10     | Noticed Fannar
  9295 | D:10     | HP: 2/80 [Fannar/refrigeration (7)]
  9299 | D:10     | Killed Fannar
  9782 | D:10     | Noticed a death yak
  9783 | D:10     | Noticed a death yak
  9797 | D:10     | Killed a death yak
  9864 | D:10     | Noticed a death yak
  9867 | D:10     | Noticed Grum
  9882 | D:10     | Noticed a death yak
  9896 | D:9      | Killed a death yak
  9896 | D:9      | Reached skill level 10 in Fighting
 10140 | D:10     | Noticed a death yak
 10140 | D:10     | Noticed a death yak
 10152 | D:9      | Killed a death yak
 10321 | D:9      | Killed a death yak
 10426 | D:10     | Noticed Urug
 10439 | D:10     | Killed Urug
 10482 | D:10     | Found a white marble altar of Elyvilon.
 10574 | D:10     | Noticed a two-headed ogre
 10583 | D:9      | Bought a potion of heal wounds for 65 gold pieces
 10583 | D:9      | Bought a potion of berserk rage for 65 gold pieces
 10823 | D:10     | Killed a two-headed ogre
 10823 | D:10     | Reached skill level 1 in Maces & Flails
 10857 | D:10     | HP: 3/82 [death yak (9)]
 11254 | D:10     | Killed Grum
 11259 | D:10     | Noticed Gastronok
 11277 | D:10     | Killed Gastronok
 11310 | D:10     | Found a staircase to the Lair.
 11344 | Lair:1   | Entered Level 1 of the Lair of Beasts
 11570 | Lair:1   | Gained mutation: You have a pair of antennae on your head.
                  | [demonic ancestry]
 11570 | Lair:1   | Reached XP level 12. HP: 52/89 MP: 13/19
 11868 | Lair:1   | Reached skill level 10 in Dodging
 12151 | Lair:1   | Noticed a four-headed hydra
 12162 | Lair:1   | Killed a four-headed hydra
 12846 | Lair:2   | Noticed a catoblepas
 12849 | Lair:2   | Found a staircase to the Swamp.
 13102 | Lair:2   | Killed a catoblepas
 13119 | Lair:2   | Reached skill level 11 in Fighting
 14006 | Lair:2   | Reached ***** piety under Hepliaklqana
 14087 | Lair:2   | Learned a level 1 spell: Infusion
 14090 | Lair:2   | Learned a level 2 spell: Shroud of Golubria
 14093 | Lair:2   | Learned a level 2 spell: Song of Slaying
 14097 | Lair:2   | Learned a level 3 spell: Mephitic Cloud
 14099 | Lair:2   | Learned a level 1 spell: Summon Small Mammal
 14103 | Lair:2   | Learned a level 3 spell: Regeneration
 14107 | Lair:2   | Learned a level 3 spell: Ozocubu's Armour
 14111 | Lair:2   | Learned a level 3 spell: Conjure Flame
 14474 | Lair:3   | Found a hole to the Spider Nest.
 15089 | Lair:3   | Found a runed translucent door.
 15114 | Lair:3   | Noticed a four-headed hydra
 15123 | Lair:3   | Killed a four-headed hydra
 15123 | Lair:3   | Reached skill level 1 in Charms
 15123 | Lair:3   | Reached skill level 1 in Translocations
 15123 | Lair:3   | Reached skill level 1 in Evocations
 15781 | Lair:3   | Noticed a five-headed hydra
 15790 | Lair:3   | Killed a five-headed hydra
 16114 | Lair:4   | Noticed Kirke
 16405 | Lair:4   | Identified a scroll of acquirement
 16440 | Lair:4   | Noticed a sphinx
 16442 | Lair:4   | HP: 4/90 [lindwurm[Kirke] (7)]
 16442 | Lair:4   | Slain by a lindwurm

Levels and vault maps discovered:
D:1:      elethiomel_arrival_maze, layout_basic, chequers_jeans,
          minmay_tetromino_o2
D:2:      layout_rooms, overflow_temple_1_default, grunt_qazlal_sundering,
          uniq_terence
D:3:      layout_basic, uniq_grinder
D:4:      layout_basic, grunt_temple_overflow_open,
          chequers_serial_rivers_room_b, uniq_sigmund
D:5:      layout_basic, first_ration, minmay_tree_intersection,
          uniq_blork_the_orc
D:6:      layout_rooms, minmay_temple_entry_purple_smoke, bh_chokoban,
          serial_bayou_lagoon_a, uniq_menkaure
D:7:      layout_loops_ring, lemuel_round_altar, xom_butterflies, bloody_trog,
          enter_bailey_3, ebering_ghost_gozag
D:8:      layout_basic, nicolae_ru_the_path_less_chosen,
          gammafunk_temple_overflow_elements, hangedman_little_slice_of_home,
          grunt_ministairs_15, grunt_decor_mini_mirrors
D:9:      layout_cave_pools, overflow_temple_1_default, serial_shops,
          kennysheep_mini_moat
D:10:     layout_gridville, dpeg_lair_monsters, orc_0_dummy,
          gammafunk_ghost_wrathful_warriors, elyvilon_altar_1, uniq_urug,
          uniq_fannar, uniq_grum, uniq_gastronok
Lair:1:   layout_small_grid, serial_bayou_shore_b
Lair:2:   layout_layer_cave, swamp_mist_pool
Lair:3:   layout_layer_cave, dummy_spider_entry, pf_torpor_hydra,
          lemuel_fruit_tree
Lair:4:   layout_small_grid, grunt_megastairs_1, wad_woods_river_01, uniq_kirke

Skill      XL: |  1  2  3  4  5  6  7  8  9 10 11 12 |
---------------+-------------------------------------+-----
Dodging        | 3 4 5 6 7 8 9 10 | 10.5
Fighting       | 4 5 6 7 8 9 10 11 | 11.3
Armour         | 2 3 5 6 7 9 |  9.7
Invocations    | 2 5 7 9 |  9.4
Spellcasting   | 1 3 |  3.8
Maces & Flails | 2 4 |  4.3
Charms         | 1 |  1.8
Translocations | 2 |  2.0
Evocations     | 2 |  2.0
Short Blades   | |  0.2
Long Blades    | |  2.7
Stealth        | |  1.7

Action                   |  1- 3 |  4- 6 |  7- 9 | 10-12 || total
-------------------------+-------+-------+-------+-------++-------
Melee: Falchion          |    81 |       |       |       ||    81
       Dagger            |    23 |   154 |   232 |   283 ||   692
       Long sword        |       |       |     2 |     9 ||    11
       Eveningstar       |       |       |       |   162 ||   162
 Cast: Shroud of Golubri |       |       |       |     4 ||     4
       Infusion          |       |       |       |     2 ||     2
       Mephitic Cloud    |       |       |       |     1 ||     1
       Ozocubu's Armour  |       |       |       |     1 ||     1
       Song of Slaying   |       |       |       |     1 ||     1
Invok: Ancestor Life: Ba |       |     1 |       |       ||     1
       Recall Ancestor   |       |       |     2 |     1 ||     3
       Transference      |       |       |     1 |     1 ||     2
       Idealise          |       |       |       |     4 ||     4
Evoke: Wand              |       |       |     2 |     4 ||     6
       Lightning rod     |       |       |       |     2 ||     2
  Use: Potion            |     3 |     2 |       |     5 ||    10
       Scroll            |       |     6 |     4 |    12 ||    22
 Stab: Sleeping          |     5 |     3 |     1 |     6 ||    15
       Distracted        |     1 |     1 |       |     6 ||     8
  Eat: Chunk             |     2 |     5 |     8 |    26 ||    41
       Ration            |       |       |       |     3 ||     3
Armor: Robe              |    16 |     4 |       |       ||    20
       Ring mail         |       |    36 |    39 |       ||    75
       Leather armour    |       |       |     1 |    37 ||    38
       Chain mail        |       |       |       |    95 ||    95
Dodge: Dodged            |    89 |    94 |   207 |   475 ||   865
       Rpst.: Falchion   |    27 |       |       |       ||    27
       Long sword        |       |       |       |     2 ||     2

Table legend:
 A = Non-vault XP
 B = Vault XP
 C = Vault XP percentage of total XP
 D = Non-vault monster count
 E = Vault monster count
 F = Vault count percentage of total count
                 A         B        C        D         E       F
            +---------+---------+-------+---------+---------+-------
      Total |   17332 |   16094 |  48.1 |     251 |      46 |  15.5
            +---------+---------+-------+---------+---------+-------
        D:1 |      58 |      36 |  38.3 |      31 |       3 |   8.8
        D:2 |      92 |     267 |  74.4 |      24 |       1 |   4.0
        D:3 |     193 |       0 |   0.0 |      34 |       0 |   0.0
        D:4 |      28 |     212 |  88.3 |       6 |       1 |  14.3
        D:5 |     400 |      94 |  19.0 |      14 |       1 |   6.7
        D:6 |    1261 |       0 |   0.0 |      35 |       0 |   0.0
        D:7 |     811 |     229 |  22.0 |      21 |       7 |  25.0
        D:8 |    1267 |     156 |  11.0 |      22 |       8 |  26.7
        D:9 |     734 |    2566 |  77.8 |      12 |       3 |  20.0
       D:10 |    2398 |    5239 |  68.6 |      13 |       7 |  35.0
     Lair:1 |    3032 |       0 |   0.0 |      14 |       0 |   0.0
     Lair:2 |    3572 |       0 |   0.0 |      13 |       0 |   0.0
     Lair:3 |    2960 |    1453 |  32.9 |      10 |       2 |  16.7
     Lair:4 |     526 |     769 |  59.4 |       2 |       4 |  66.7
     Bailey |       0 |    5073 | 100.0 |       0 |       9 | 100.0
            +---------+---------+-------+---------+---------+-------
